 Dungeon Crawl Stone Soup version 0.31-a0-1074-g0b22e4e0f1 (webtiles) character file.

Game seed: 10723231527087164904

95 grandjackal the Trooper (level 4, -1/35 HPs)
             Began as a Djinni Artificer on Nov 29, 2023.
             Killed from afar by an orc wizard (5 damage)
             ... with a magic dart
             ... on level 3 of the Dungeon.
             The game lasted 00:02:16 (2126 turns).

grandjackal the Trooper (Djinni Artificer)          Turns: 2126, Time: 00:02:17

Health: -1/35      AC:  3    Str: 11    XL:     4   Next: 97%
Gold:   98         EV: 11    Int: 15    God:
                   SH:  0    Dex: 13

rFire   + + .        k - +1 spear of Dazarr {freeze, rPois}
rCold   x . .        (no shield)
rNeg    + . .        b - +0 leather armour
rPois   ∞            (no helmet)
rElec   .            (no cloak)
rCorr   .            (no gloves)
SInv    .            (boots unavailable)
Will    .....        (no amulet)
Stlth   +            p - ring of positive energy
HPRegen 0.25/turn    (no ring)
MPRegen 0.00/turn

%: infuse magic (-2 HP)
@: confused, attractive, flying
A: sickness immunity, fire resistance 2, cold vulnerability 1, float, innate
caster, HP casting, extra vitality 1
a: no special abilities


You were on level 3 of the Dungeon.
You visited 1 branch of the dungeon, and saw 3 of its levels.

You collected 98 gold pieces.

Inventory:

Hand Weapons
 h - a +3 short sword
 k - the +1 spear of Dazarr (weapon) {freeze, rPois}
   (You found it on level 2 of the Dungeon)

   rPois:     It protects you from poison
Missiles
 o - 4 poisoned darts (quivered)
Armour
 b - a +0 leather armour (worn)
Jewellery
 p - a ring of positive energy (left hand)
Wands
 c - a wand of flame (15)
 d - a wand of charming (15)
 e - a wand of iceblast (5)
Scrolls
 a - 3 scrolls of teleportation {unknown}
 g - 2 scrolls of immolation {unknown}
 i - 4 scrolls of identify {unknown}
 j - a scroll of amnesia {unknown}
 l - a scroll of torment {unknown}
 m - a scroll of revelation {unknown}
Potions
 f - a potion of attraction
 n - a potion of magic {unknown}


   Skills:
 + Level 3.3 Fighting
 - Level 1.0 Armour
 - Level 2.1 Dodging
 - Level 0.7 Stealth
 + Level 1.7 Spellcasting
 + Level 1.7 Conjurations
 + Level 1.7 Hexes
   Level 0.0 Charms
 + Level 1.7 Summonings
 + Level 1.7 Necromancy
 + Level 1.7 Translocations
 + Level 1.7 Transmutations
 + Level 1.7 Fire Magic
 + Level 1.7 Ice Magic
 + Level 1.7 Air Magic
 + Level 1.7 Earth Magic
 + Level 1.7 Poison Magic
 - Level 3.0 Evocations


You knew the following spells:

 Your Spells              Type           Power      Damage    Failure   Level
a - Necrotise             Necr           24%        1d5       16%         1
Your spell library was empty.

Dungeon Overview and Level Annotations

Branches:
Dungeon (3/15)

Altars:

Shops:
D:1 !


Innate Abilities, Weirdness & Mutations

You are immune to sickness and miasma.
You are immune to poison.
Your flesh is very heat resistant. (rF++)
You are vulnerable to cold. (rC-)
You float through the air rather than walking.
You learn spells naturally, not from books.
Your magical power is your life essence.
You have superior vitality. (+4 MHP)


Message History

Press: ? - help, Shift-Dir - straight line, f/p - orc
Aim: an orc, wielding a +0 hand axe (chance to affect: 71%) Nothing appears to happen.
Something hits you.
Unknown command.
Unknown command.
Casting: Necrotise (safe; 16% risk of failure)
Confirm with . or Enter, or press ? or * to list all spells.
Aiming: Necrotise (safe; 16% risk of failure)
Press: ? - help, Shift-Dir - straight line, f/p - orc
Aim: an orc, wielding a +0 hand axe (chance to affect: 71%) Nothing appears to happen.
Something hits you.
Unknown command.
Casting: Necrotise (safe; 16% risk of failure)
Confirm with . or Enter, or press ? or * to list all spells.
Aiming: Necrotise (safe; 16% risk of failure)
Press: ? - help, Shift-Dir - straight line, f/p - orc
Aim: an orc, wielding a +0 hand axe (chance to affect: 71%)
Something writhes in agony.
You hear some strange, mumbled words.
You are confused.
Unknown command.
You're too confused to cast spells.
Sorry, you're not good enough to have a special ability.
Unknown command.
Unknown command.
You closely miss something.
You hear some strange, mumbled words.
Something tries to affect you, but you resist.
You bump into the rock wall.
Something hits you.
You bump into the rock wall.
You hear some strange, mumbled words.
A magic dart appears from out of thin air!
The magic dart hits you!
* * * LOW HITPOINT WARNING * * *
It was a potion of attraction.
You feel attractive to monsters.
You hear some strange, mumbled words.
A magic dart appears from out of thin air!
The magic dart hits you.
You die...

♣♣♣⌠..≈##.# ......≈##.#
......≈##.# .
≈≈≈≈≈≈≈##.# ..
########..# ...
.........# ....
.........# .....
o..(.....#########...?..
............oo{@........
.(########...#####......
# ###..# ##### ##.##
#..### #....####
#..†....# #.......#
#.......#


You could see 2 orcs.

Vanquished Creatures
  6 adders
  2 worms (D:2)
  An orc (D:3)
  6 endoplasms
  A giant cockroach (D:2)
  3 goblins
  A hobgoblin (D:1)
  2 quokkas (D:2)
  5 ball pythons
  3 bats
  2 frilled lizards (D:2)
  7 rats
39 creatures vanquished.

Notes
Turn   | Place    | Note
-------+----------+-------------------------------------------
     0 | D:1      | grandjackal the Djinni Artificer began the quest for the
                  | Orb.
     0 | D:1      | Reached XP level 1. HP: 17/17 MP: 0/0
   378 | D:1      | Reached XP level 2. HP: 17/23 MP: 0/0
   606 | D:1      | Found Fuigah's Distillery.
   935 | D:2      | Identified the +1 spear of Dazarr {freeze, rPois}
  1023 | D:2      | Reached XP level 3. HP: 25/28 MP: 0/0
  1023 | D:2      | Learned a level 1 spell: Necrotise
  1105 | D:2      | Reached skill level 1 in Spellcasting
  1105 | D:2      | Reached skill level 1 in Conjurations
  1105 | D:2      | Reached skill level 1 in Hexes
  1105 | D:2      | Reached skill level 1 in Summonings
  1105 | D:2      | Reached skill level 1 in Necromancy
  1105 | D:2      | Reached skill level 1 in Translocations
  1105 | D:2      | Reached skill level 1 in Transmutations
  1105 | D:2      | Reached skill level 1 in Fire Magic
  1105 | D:2      | Reached skill level 1 in Ice Magic
  1105 | D:2      | Reached skill level 1 in Air Magic
  1105 | D:2      | Reached skill level 1 in Earth Magic
  1105 | D:2      | Reached skill level 1 in Poison Magic
  1336 | D:2      | Reached XP level 4. HP: 27/34 MP: 0/0
  2126 | D:3      | Killed from afar by an orc wizard

Illustrated notes

Levels and vault maps discovered:
D:1:      mainiacjoe_arrival_reflecting_pool, layout_basic, serial_shops,
          nicolae_shop_rolling_square, chequers_arboretum
D:2:      layout_basic, chequers_garden, minmay_misc_feat_roman
D:3:      layout_basic, chequers_serial_rivers_small_a, kennysheep_path_1,
          serial_park_tiny_pond

Skill      XL: |  1  2  3  4 |
---------------+-------------+-----
Fighting       | 2 3 |  3.3
Spellcasting   | 1 |  1.7
Conjurations   | 1 |  1.7
Hexes          | 1 |  1.7
Summonings     | 1 |  1.7
Necromancy     | 1 |  1.7
Translocations | 1 |  1.7
Transmutations | 1 |  1.7
Fire Magic     | 1 |  1.7
Ice Magic      | 1 |  1.7
Air Magic      | 1 |  1.7
Earth Magic    | 1 |  1.7
Poison Magic   | 1 |  1.7
Armour         | |  1.0
Dodging        | |  2.1
Stealth        | |  0.7
Evocations     | |  3.0

Action                     |  1- 3 |  4- 6 || total
---------------------------+-------+-------++-------
  Melee: Flail             |    10 |       ||    10
         Short sword       |    39 |       ||    39
         Club              |     5 |       ||     5
         Punch             |     1 |     1 ||     2
         Spear             |    63 |    60 ||   123
   Cast: Necrotise         |       |     3 ||     3
    Use: Potion            |       |     1 ||     1
   Stab: Sleeping          |     2 |       ||     2
 Armour: Leather armour    |    57 |    37 ||    94
  Dodge: Dodged            |    62 |    23 ||    85

Table legend: (Time is in decaauts)
 A = Elapsed time spent in this place.
 B = Non-inter-level travel time spent in this place.
 C = Inter-level travel time spent in this place.
 D = Time resting spent in this place.
 E = Time spent auto-exploring this place.
 F = Levels seen in this place.
 G = Mean time per level.
                   A        B        C        D        E       F      G
               +--------+--------+--------+--------+--------+-----+--------+
         Total |   2141 |   2065 |     76 |    220 |   1442 |   3 |  713.7 |
       Dungeon |   2141 |   2065 |     76 |    220 |   1442 |   3 |  713.7 |
               +--------+--------+--------+--------+--------+-----+--------+

Top non-repeatable levels by time:
     D:2: 1015 daAuts
     D:1: 897 daAuts
     D:3: 228 daAuts
